 Dungeon Crawl Stone Soup version 0.29.1-15-g9cfb28693d (webtiles) character file.

Game seed: 2388992950302269076

10 hawla the Firebug (level 2, -2/20 HPs)
             Began as a Meteoran Fire Elementalist on Mar 5, 2023.
             Slain by a ball python (3 damage)
             ... on level 2 of the Dungeon.
             The game lasted 00:00:56 (102 turns).

hawla the Firebug (Meteoran Fire Elementalist)       Turns: 102, Time: 00:00:57

Health: -2/20      AC:  2    Str:  9    XL:     2   Next: 47%
Magic:  5/6        EV:  9    Int: 16    God:
Gold:   22         SH:  0    Dex: 14    Spells: 5/6 levels left

rFire   . . .      SeeInvis .   (no weapon)
rCold   . . .      Faith    .   (no shield)
rNeg    . . .      Spirit   .   a - +0 robe
rPois   .          Reflect  .   (no helmet)
rElec   .          Harm     .   (no cloak)
rCorr   .          Rampage  .   (no gloves)
Will    .....                   (no boots)
Stlth   +.........              (no amulet)
HPRegen 0.06/turn               (no ring)
MPRegen 0.10/turn               (no ring)

@: very slightly contaminated, glowing, constricted
A: sense surroundings 1, otherworldly, glowing, explore regen
a: no special abilities


You were on level 2 of the Dungeon.
You visited 1 branch of the dungeon, and saw 2 of its levels.

You collected 22 gold pieces.

Inventory:

Armour
 a - a +0 robe (worn)


   Skills:
 + Level 2.6 Dodging
 - Level 1.4 Stealth
 + Level 2.8 Spellcasting
 + Level 1.2 Conjurations
 + Level 4.1 Fire Magic


You had 5 spell levels left.
You knew the following spells:

 Your Spells              Type           Power      Damage    Failure   Level
a - Foxfire               Conj/Fire      44%        2x1d6     6%          1

Your spell library contained the following spells:

 Spells                   Type           Power      Damage    Failure   Level
 Scorch                   Fire           30%        2d7       5%          2
 Conjure Flame            Conj/Fire      11%        6-21      19%         3
 Inner Flame              Hex/Fire       9%         N/A       24%         3
 Flame Wave               Conj/Fire      11%        2d6       52%         4


Dungeon Overview and Level Annotations

Branches:
Dungeon (2/15) Zot: 1097

Altars:


Innate Abilities, Weirdness & Mutations

You passively map a small area around you.
You are easily found by Zot.
You glow in the dark.
You regain HP and MP as you explore.


Message History

The endoplasm is moderately wounded.
The endoplasm closely misses you.
Casting: Foxfire (safe; 6% risk of failure)
Confirm with . or Enter, or press ? or * to list all spells.
You conjure some foxfire!
The rat bites you. The endoplasm hits you.
You barely miss the endoplasm.
The endoplasm is moderately wounded.
The foxfire hits the rat.
You kill the rat!
The foxfire hits the endoplasm.
You kill the endoplasm!
Unknown command.
A ball python comes into view.
The ball python hisses angrily.
The ball python bites you but does no damage.
The ball python grabs you. The ball python constricts you.
You escape the ball python's grasp.
The ball python bites you.
* * * LOW HITPOINT WARNING * * *
The ball python grabs you. The ball python constricts you.
You escape the ball python's grasp.
The hobgoblin attacks as you move away! The hobgoblin hits you.
* * * LOW HITPOINT WARNING * * *
Casting: Foxfire (safe; 6% risk of failure)
Confirm with . or Enter, or press ? or * to list all spells.
You miscast Foxfire.
You are very lightly contaminated with residual magic.
Nothing appears to happen.
The ball python bites you.
* * * LOW HITPOINT WARNING * * *
The ball python grabs you. The ball python constricts you.
* * * LOW HITPOINT WARNING * * *
Magic courses through your body. The ball python barely misses you.
The ball python constricts you.
Casting: Foxfire (safe; 6% risk of failure)
Confirm with . or Enter, or press ? or * to list all spells.
You conjure some foxfire!
The ball python bites you but does no damage.
The ball python constricts you.
* * * LOW HITPOINT WARNING * * *
The ball python bites you.
You die...

*#####* ##* .... . #
...#**.## #.#.#..#...#
#####.#.##$$ #.#
#.......#.$.##.#
#.........#..#v##
#......#.###gS@.## *
#......#.....#v......#
#.............#####...
* #........>.....# * .
#................. , *
#......<........## ,
###...............#
..................# ,
####.<..†.........#


You could see a hobgoblin and a ball python (ally target).

Vanquished Creatures
  A dart slug (D:2)
  An endoplasm (D:2)
  2 goblins
  A hobgoblin (D:2)
  A bat (D:2)
  A frilled lizard (D:1)
  2 rats (D:2)
9 creatures vanquished.

Vanquished Creatures (others)
  18 foxfires
18 creatures vanquished.

Grand Total: 27 creatures vanquished

Notes
Turn   | Place    | Note
-------+----------+-------------------------------------------
     0 | D:1      | hawla the Meteoran Fire Elementalist began the quest for
                  | the Orb.
     0 | D:1      | Reached XP level 1. HP: 14/14 MP: 5/5
    56 | D:2      | Reached skill level 4 in Fire Magic
    56 | D:2      | Reached XP level 2. HP: 20/20 MP: 0/6
   102 | D:2      | HP: 1/20 [constriction (1)]
   102 | D:2      | Slain by a ball python

Illustrated notes

Levels and vault maps discovered:
D:1:      dpeg_arrival_lava_altar, layout_loops_cross,
          dreamdust_ecumenical_altar_sealed_demon
D:2:      layout_rooms, basic_altar, st_stairs_3, minmay_tetromino_t4

Skill      XL: |  1 |
---------------+----+-----
Fire Magic     | 4 |  4.1
Dodging        | |  2.6
Stealth        | |  1.4
Spellcasting   | |  2.8
Conjurations   | |  1.2

Action                   || total
-------------------------++-------
Melee: Unarmed           ||    10
 Cast: Foxfire           ||    12
  Use: Potion            ||     1
Armor: Robe              ||     3
Dodge: Dodged            ||     9
